 Dungeon Crawl Stone Soup version 0.29-a0-340-g6efceafd81 (webtiles) character file.

Game seed: 15592510242546895840

674 Oblizorion the Chopper (level 7, 0/61 HPs)
             Began as a Hill Orc Fighter on Apr 19, 2022.
             Slain by a gnoll
             ... wielding a +0 halberd
              (8 damage)
             ... on level 5 of the Dungeon.
             The game lasted 00:13:10 (2429 turns).

Oblizorion the Chopper (Hill Orc Fighter)           Turns: 2429, Time: 00:13:11

Health: 0/61       AC:  6    Str: 19    XL:     7   Next: 59%
Magic:  7/7        EV:  7    Int:  8    God:
Gold:   150        SH:  5    Dex: 12    Spells: 6/6 levels left

rFire   + . .      SeeInvis .   a - +8 mithril axe "Arga" {speed, Will+}
rCold   . . .      Faith    .   c - +0 buckler
rNeg    . . .      Spirit   .   s - +0 chain mail
rPois   .          Reflect  .   (no helmet)
rElec   .          Harm     .   (no cloak)
rCorr   .          Rampage  .   (no gloves)
Will    +....                   e - +0 pair of boots
Stlth   ..........              t - amulet of magic regeneration
HPRegen 0.20/turn               o - ring of protection from fire
MPRegen 0.50/turn               (no ring)

@: corroded
A: no striking features
a: no special abilities


You were on level 5 of the Dungeon.
You visited 1 branch of the dungeon, and saw 5 of its levels.

You collected 150 gold pieces.

Inventory:

Hand Weapons
 a - the +8 mithril axe "Arga" (weapon) {speed, Will+}
   (You acquired it on level 2 of the Dungeon)

   Attacks with this weapon are significantly faster.
   Will:      It increases your willpower.
Missiles
 l - 2 boomerangs (quivered)
Armour
 c - a +0 buckler (worn)
 e - a +0 pair of boots (worn)
 s - a +0 chain mail (worn)
Magical Staves
 p - a staff of fire
Jewellery
 o - a ring of protection from fire (left hand)
 t - an amulet of magic regeneration (around neck)
Wands
 j - a wand of charming (7)
 q - a wand of flame (28)
 u - a wand of acid (13)
Scrolls
 h - 2 scrolls of amnesia
 m - 4 scrolls of holy word
 r - a scroll of silence
 w - a scroll of teleportation {unknown}
Potions
 b - a potion of flight {unknown}
 d - 2 potions of might
 f - a potion of haste {unknown}
 g - a potion of attraction {unknown}
 i - 7 potions of curing
 k - a potion of resistance {unknown}
 n - a potion of brilliance {unknown}
 v - a potion of lignification {unknown}


   Skills:
 + Level 5.5 Fighting
 + Level 7.5 Axes
 + Level 2.4 Throwing
 + Level 4.5 Armour
 + Level 0.7 Dodging
 + Level 4.0 Shields


You had 6 spell levels left.
You didn't know any spells.
Your spell library contained the following spells:

 Spells                   Type           Power      Damage    Failure   Level
 Conjure Flame            Conj/Fire      0%         6-21      100%        3
 Ignite Poison            Fire/Tmut/Pois 0%         N/A       100%        3
 Sticky Flame             Conj/Fire      0%         2d3       100%        4


Dungeon Overview and Level Annotations

Branches:
Dungeon (5/15)             Temple (0/1) D:5

Altars:


Message History

Press: ? - help, Q - select action, (/) - cycle Shift-Dir - straight line, f - gnoll
Aim: a gnoll, wielding a +0 flail (64% to hit)
You throw a boomerang. The gnoll shouts!
The boomerang hits the gnoll.
The gnoll is lightly wounded.
A gnoll comes into view. It is wielding a +0 flail.
You slice the gnoll!!
You kill the gnoll!
Your Shields skill increases to level 4!
The gnoll hits you from afar with a +0 halberd.
You see here a +0 flail.
Found a scroll of enchant weapon.
The gnoll hits you with a +0 halberd! The gnoll hits you with a +0 halberd.
You slash the gnoll!
The gnoll is heavily wounded.
You hit the gnoll. The gnoll barely misses you. x2
You barely miss the gnoll.
The gnoll is heavily wounded.
You hit the gnoll but do no damage. The gnoll hits you with a +0 halberd.
The gnoll hits you with a +0 halberd!
You slash the gnoll!
You kill the gnoll!
You hit the gnoll. You closely miss the gnoll.
The gnoll hits you with a +0 flail. The gnoll hits you with a +0 halberd!
You slash the iguana!
The iguana is severely wounded.
You closely miss the gnoll. You barely miss the gnoll.
The gnoll hits you with a +0 flail.
* * * LOW HITPOINT WARNING * * *
The iguana bites you.
* * * LOW HITPOINT WARNING * * *
The gnoll hits you with a +0 halberd!
* * * LOW HITPOINT WARNING * * *
You feel better. The gnoll closely misses you. You block the gnoll's attack.
The iguana bites you.
* * * LOW HITPOINT WARNING * * *
You block the iguana's attack.
The gnoll hits you from afar with a +0 halberd!
You die...

.# #.# .. ..
... #.#....
.......
##.#.#.#.
###.......#
#.)@#.#.#..
#...#.l.....#
#.#.gg#.>.#..
#...#.......#
##....#.#.#..
...##.......?
.###
##.#.#... .
.... .# #. .#


You could see an iguana and 2 gnolls.

Vanquished Creatures
  A steam dragon (D:4)
  A black bear (D:4)
  2 ogres (D:4)
  A scorpion (D:4)
  A jelly (D:5)
  An iguana (D:4)
  2 orc wizards (D:4)
  2 gnolls (D:5)
  6 adders
  2 worms
  A dart slug (D:1)
  4 orcs
  5 ball pythons
  2 endoplasms
  A giant cockroach (D:1)
  6 hobgoblins
  2 jackals (D:1)
  5 kobolds
  2 quokkas
  4 bats
  3 frilled lizards
  3 goblins
  2 rats (D:1)
59 creatures vanquished.

Notes
Turn   | Place    | Note
-------+----------+-------------------------------------------
     0 | D:1      | Oblizorion the Hill Orc Fighter began the quest for the
                  | Orb.
     0 | D:1      | Reached XP level 1. HP: 19/19 MP: 1/1
   162 | D:1      | Reached XP level 2. HP: 27/27 MP: 2/2
   210 | D:1      | Reached skill level 3 in Axes
   475 | D:1      | Reached XP level 3. HP: 32/33 MP: 3/3
   780 | D:2      | Identified a scroll of acquirement
   781 | D:2      | Acquired the +8 mithril axe "Arga" {speed, Will+}
   781 | D:2      | Found the +8 mithril axe "Arga" {speed, Will+}
   896 | D:2      | Found a faded altar of an unknown god.
  1138 | D:3      | Reached skill level 4 in Axes
  1139 | D:3      | Reached XP level 4. HP: 40/40 MP: 4/4
  1770 | D:4      | Reached skill level 5 in Axes
  1770 | D:4      | Reached XP level 5. HP: 33/46 MP: 5/5
  2041 | D:4      | Noticed an ogre
  2049 | D:4      | Killed an ogre
  2050 | D:4      | Reached skill level 5 in Fighting
  2050 | D:4      | Reached skill level 6 in Axes
  2050 | D:4      | Reached XP level 6. HP: 56/56 MP: 6/6
  2105 | D:4      | Noticed a black bear
  2111 | D:4      | Killed a black bear
  2112 | D:4      | Reached skill level 1 in Throwing
  2144 | D:4      | Reached skill level 7 in Axes
  2144 | D:4      | Reached XP level 7. HP: 49/61 MP: 7/7
  2204 | D:4      | Noticed a steam dragon
  2216 | D:4      | Killed a steam dragon
  2385 | D:5      | Entered Level 5 of the Dungeon
  2417 | D:5      | Found a staircase to the Ecumenical Temple.
  2427 | D:5      | HP: 2/61 [gnoll/+0 halberd (12)]
  2429 | D:5      | Slain by a gnoll

Illustrated notes

Levels and vault maps discovered:
D:1:      shiori_arrival_oz, layout_basic, st_stairs_14
D:2:      layout_basic, shapermc_ecumenical_altar_mp_highgroup
D:3:      layout_basic
D:4:      layout_rooms
D:5:      cheibrodos_barr_body, layout_loops_cross,
          minmay_temple_entry_sparse_star, serial_shops, shop, uniq_menkaure

Skill      XL: |  1  2  3  4  5  6  7 |
---------------+----------------------+-----
Axes           | 3 4 5 6 7 |  7.5
Fighting       | 4 5 |  5.5
Armour         | 4 |  4.5
Throwing       | 1 2 |  2.4
Shields        | 4 |  4.0
Dodging        | |  0.7

Action                   |  1- 3 |  4- 6 |  7- 9 || total
-------------------------+-------+-------+-------++-------
Melee: War axe           |    54 |       |       ||    54
       Broad axe         |    15 |    58 |    10 ||    83
Throw: Boomerang         |       |    27 |     1 ||    28
  Use: Scroll            |     5 |     3 |     3 ||    11
       Potion            |       |       |     1 ||     1
Armor: Scale mail        |    38 |    11 |       ||    49
       Chain mail        |       |    11 |     1 ||    12
Dodge: Dodged            |    37 |    16 |     7 ||    60
Block: Buckler           |    18 |     6 |     2 ||    26

Table legend: (Time is in decaauts)
 A = Elapsed time spent in this place.
 B = Non-inter-level travel time spent in this place.
 C = Inter-level travel time spent in this place.
 D = Time resting spent in this place.
 E = Time spent auto-exploring this place.
 F = Levels seen in this place.
 G = Mean time per level.
                   A        B        C        D        E       F      G
               +--------+--------+--------+--------+--------+-----+--------+
         Total |   2452 |   2326 |    126 |    453 |   1102 |   5 |  490.4 |
       Dungeon |   2452 |   2326 |    126 |    453 |   1102 |   5 |  490.4 |
               +--------+--------+--------+--------+--------+-----+--------+

Top non-repeatable levels by time:
     D:1: 777 daAuts
     D:3: 775 daAuts
     D:4: 649 daAuts
     D:2: 207 daAuts
     D:5: 43 daAuts
